 Dungeon Crawl Stone Soup version 0.23.2-33-g5129a83184 (webtiles) character file.

Game seed: 3120009482627631914

1272 funkygono the Cudgeler (level 8, 0/61 HPs)
             Began as a Formicid Fighter on July 2, 2019.
             Was a Priest of Zin.
             Slain by a sixfirhy (5 damage)
             ... on level 1 of the Abyss.
             The game lasted 00:16:04 (5213 turns).

funkygono the Cudgeler (Formicid Fighter)           Turns: 5213, Time: 00:16:05

Health: 0/61       AC: 13    Str: 25    XL:     8   Next: 83%
Magic:  8/8        EV: 10    Int:  9    God:    Zin [***...]
Gold:   331        SH: 11    Dex: 10    Spells: 7/7 levels left

rFire    . . .     SeeInvis +   a - +0 flail
rCold    . . .     Gourm    .   c - +0 shield
rNeg     . . .     Faith    .   b - +0 scale mail
rPois    .         Spirit   .   (helmet unavailable)
rElec    .         Reflect  .   q - +1 cloak
rCorr    .         Harm     .   (no gloves)
MR       .....                  r - +0 pair of boots
Stlth    ..........             (no amulet)
HPRegen  0.20/turn              k - +3 ring of protection
MPRegen  0.11/turn              j - +3 ring of strength

@: no status effects
A: permanent stasis, dig shafts and tunnels, four strong arms, antennae 3
a: Dig, Shaft Self, Recite, Vitalisation, Imprison, Donate Gold, Renounce
Religion


You were on level 1 of the Abyss.
You worshipped Zin.
Zin was most pleased with you.
You were not hungry.

You visited 2 branches of the dungeon, and saw 7 of its levels.
You visited the Abyss 1 time.

You collected 367 gold pieces.
You donated 36 gold pieces to Zin.

Inventory:

Hand Weapons
 a - a +0 flail (weapon)
 n - a +0 hunting sling
Missiles
 i - 133 stones (quivered)
Armour
 b - a +0 scale mail (worn)
 c - a +0 shield (worn)
 q - a +1 cloak (worn)
 r - a +0 pair of boots (worn)
Magical Staves
 l - an uncursed staff of fire
 p - an uncursed staff of power
Jewellery
 d - a +2 ring of evasion
 j - a +3 ring of strength (right hand)
 k - a +3 ring of protection (left hand)
 v - an uncursed ring of resist corrosion
Wands
 g - a wand of clouds (3)
 A - a wand of paralysis (11)
 C - a wand of digging (4)
Scrolls
 x - 2 scrolls of remove curse
 y - a scroll of fog
Potions
 e - 5 potions of curing
 h - 2 potions of heal wounds {unknown}
 m - a potion of resistance {unknown}
 o - 2 potions of might
 t - a potion of cancellation {unknown}
 u - a potion of haste {unknown}
 w - 2 potions of magic {unknown}
 z - a potion of lignification {unknown}
 B - a potion of agility {unknown}
Comestibles
 f - 9 rations


   Skills:
 + Level 4.9 Fighting
 + Level 6.9 Maces & Flails
 + Level 5.2 Armour
 + Level 1.8 Dodging
 + Level 0.3 Stealth
 + Level 6.8 Shields
 + Level 1.1 Invocations


You had 7 spell levels left.
You didn't know any spells.
Your spell library was empty.

Dungeon Overview and Level Annotations

Branches:
Dungeon (6/15)             Temple (1/1) D:4

Altars:
Cheibriados
Dithmenos
Elyvilon
Fedhas
Gozag
Hepliaklqana
Kikubaaqudgha
Makhleb
Nemelex Xobeh
Okawaru
Qazlal
Ru
Sif Muna
Trog
Uskayaw
Vehumet
Wu Jian
Yredelemnul
Zin

Shops:
D:6 ([}:


Innate Abilities, Weirdness & Mutations

You cannot be hasted, slowed, berserked, paralysed or teleported.
You can dig through walls and to a lower floor.
Your four strong arms can wield two-handed weapons with a shield.
You have a pair of large antennae on your head. (SInv)


Message History

The sixfirhy closely misses you.
The sixfirhy hits you but does no damage.
You block the sixfirhy's attack.
A thrashing horror comes into view.
The sixfirhy hits you but does no damage.
The thrashing horror roars!
The neqoxec gestures.
The thrashing horror tramples you but does no damage.
You block the thrashing horror's attack.
The sixfirhy hits you but does no damage.
You block the sixfirhy's attack. The sixfirhy hits you!
The sixfirhy shocks you! The sixfirhy hits you. The sixfirhy shocks you!
* * * LOW HITPOINT WARNING * * *
The sixfirhy hits you.
* * * LOW HITPOINT WARNING * * *
The sixfirhy shocks you!
* * * LOW HITPOINT WARNING * * *
The sixfirhy hits you but does no damage. x2
The sixfirhy hits you.
You die...

.≈.
#.3.####
#.#.#3...#
#§
.##.#..X###
..
##.##.##.#
# .. ##.. §
.##.#.##
.#.##.#X##
#........3#
#####.##@#
#. #.# ..
#.# ### #.#
#.# ..# .#.
# #


You could see a thrashing horror, a sixfirhy and a neqoxec.

Vanquished Creatures
  Menkaure (D:6)
  2 ogres
  A centaur (D:4)
  A bullfrog (D:6)
  3 wights (D:2)
  A howler monkey (D:6)
  2 jellies
  A crimson imp (D:5)
  A hound (D:6)
  3 orc priests
  4 orc wizards
  3 worker ants (D:5)
  2 iguanas
  A hound skeleton (D:5)
  9 adders
  3 worms
  2 dart slugs
  7 leopard geckos
  14 orcs
  2 giant cockroaches (D:3)
  9 goblins
  2 hobgoblins
  12 jackals
  6 kobolds
  2 quokkas
  A ball python (D:4)
  5 bats
  6 frilled lizards
  A leopard gecko skeleton (D:4)
  9 rats
116 creatures vanquished.

Vanquished Creatures (others)
  An orc wizard (D:4)
1 creature vanquished.

Grand Total: 117 creatures vanquished

Notes
Turn   | Place    | Note
-------+----------+-------------------------------------------
     0 | D:1      | funkygono the Formicid Fighter began the quest for the Orb.
     0 | D:1      | Reached XP level 1. HP: 18/18 MP: 1/1
   221 | D:1      | Reached XP level 2. HP: 18/24 MP: 2/2
   709 | D:1      | Reached XP level 3. HP: 30/30 MP: 3/3
  1154 | D:2      | Noticed a +0 hand axe
  1155 | D:2      | Noticed a +0 dagger
  1159 | D:2      | Found a hide-covered altar of Uskayaw.
  1182 | D:2      | Noticed a wight
  1183 | D:2      | Noticed a wight
  1185 | D:2      | Reached XP level 4. HP: 37/37 MP: 4/4
  1214 | D:2      | Reached XP level 5. HP: 7/42 MP: 5/5
  1816 | D:3      | Found a faded altar of an unknown god.
  1891 | D:3      | Reached XP level 6. HP: 46/48 MP: 6/6
  2004 | D:3      | Reached skill level 5 in Shields
  2406 | D:3      | Reached skill level 1 in Dodging
  2501 | D:3      | You fall through a shaft for 2 floors!
  2501 | D:5      | Entered Level 5 of the Dungeon
  2532 | D:5      | Reached XP level 7. HP: 34/54 MP: 7/7
  3397 | D:4      | Found a staircase to the Ecumenical Temple.
  3520 | D:4      | Reached skill level 5 in Maces & Flails
  3577 | Temple   | Entered the Ecumenical Temple
  3841 | Temple   | Became a worshipper of Zin the Law-Giver
  3841 | Temple   | Reached * piety under Zin
  4064 | D:4      | Reached XP level 8. HP: 44/61 MP: 8/8
  4440 | D:5      | Reached ** piety under Zin
  4626 | D:6      | Found Inoucraf's Weapon Shop.
  4631 | D:6      | Found Cueh's Gadget Shop.
  4631 | D:6      | Found Ewky's Book Shop.
  4631 | D:6      | Found Buuh Turgh's Armour Shop.
  4652 | D:6      | Reached skill level 5 in Armour
  4987 | D:6      | Noticed Menkaure
  4994 | D:6      | Killed Menkaure
  4994 | D:6      | Reached skill level 1 in Invocations
  5133 | D:6      | Cast into level 1 of the Abyss (orc wizard)
  5167 | Abyss:1  | Noticed a large abomination
  5183 | Abyss:1  | Reached *** piety under Zin
  5195 | Abyss:1  | Noticed a smoke demon
  5196 | Abyss:1  | Noticed a sixfirhy
  5205 | Abyss:1  | Noticed a thrashing horror
  5213 | Abyss:1  | Slain by a sixfirhy

Skill      XL: |  1  2  3  4  5  6  7  8 |
---------------+-------------------------+-----
Shields        | 4 5 6 |  6.8
Fighting       | 4 |  4.9
Maces & Flails | 3 4 5 6 |  6.9
Armour         | 4 5 |  5.2
Dodging        | 1 |  1.8
Invocations    | 1 |  1.1
Stealth        | |  0.3

Action                   |  1- 3 |  4- 6 |  7- 9 || total
-------------------------+-------+-------+-------++-------
Melee: Flail             |    74 |   155 |   216 ||   445
Invok: Recite            |       |       |     2 ||     2
       Vitalisation      |       |       |     1 ||     1
  Use: Scroll            |     3 |     1 |     7 ||    11
       Potion            |       |     1 |       ||     1
  Eat: Ration            |       |     1 |     1 ||     2
       Chunk             |       |     1 |     7 ||     8
Armor: Scale mail        |    30 |    54 |    89 ||   173
Dodge: Dodged            |    20 |    33 |    62 ||   115
Block: Shield            |    44 |   107 |   126 ||   277
